 Dungeon Crawl Stone Soup version 0.28.0-49-g6dfe1f597d (webtiles) character file.

Game seed: 6587639305930518053

12 GigaChad the Skirmisher (level 2, 0/27 HPs)
             Began as a Minotaur Fighter on May 11, 2022.
             Was a Follower of Yredelemnul.
             Succumbed to a kobold's poison
             ... on level 1 of the Dungeon.
             The game lasted 00:01:21 (305 turns).

GigaChad the Skirmisher (Minotaur Fighter)           Turns: 305, Time: 00:01:21

Health: 0/27       AC:  7    Str: 20    XL:     2   Next: 20%
Magic:  1/1        EV:  9    Int:  5    God:    Yredelemnul [*.....]
Gold:   0          SH:  4    Dex:  9    Spells: 1/1 levels left

rFire   . . .      SeeInvis .   a - +0 long sword
rCold   . . .      Faith    .   c - +0 buckler
rNeg    . . .      Spirit   .   b - +0 scale mail
rPois   .          Reflect  .   (helmet restricted)
rElec   .          Harm     .   (no cloak)
rCorr   .          Rampage  .   (no gloves)
Will    .....                   (no boots)
Stlth   ..........              (no amulet)
HPRegen 0.09/turn               (no ring)
MPRegen 0.07/turn               (no ring)

@: lethally poisoned (0 -> -2)
A: horns 2, retaliatory headbutt
a: Renounce Religion, Recall Undead Harvest


You were on level 1 of the Dungeon.
You worshipped Yredelemnul.
Yredelemnul was noncommittal.
You visited 1 branch of the dungeon, and saw 1 of its levels.

Inventory:

Hand Weapons
 a - a +0 long sword (weapon)
Armour
 b - a +0 scale mail (worn)
 c - a +0 buckler (worn)
Jewellery
 e - a ring of protection from fire
Potions
 d - a potion of might


   Skills:
 + Level 3.9 Fighting
 + Level 2.7 Long Blades
 + Level 3.8 Armour
 + Level 3.8 Shields


You had one spell level left.
You didn't know any spells.
Your spell library was empty.

Dungeon Overview and Level Annotations

Branches:
Dungeon (1/15)

Altars:
Yredelemnul


Innate Abilities, Weirdness & Mutations

You have a pair of horns on your head.
You reflexively headbutt those who attack you in melee.


Message History

Your ball python zombie constricts the kobold.
You hit the kobold but do no damage.
The kobold is moderately wounded.
You feel very sick. The kobold hits you but does no damage.
You are lethally poisoned!
Your ball python zombie bites the kobold.
Your ball python zombie constricts the kobold.
Your ball python zombie bites the kobold but does no damage.
You barely miss the kobold. You headbutt the kobold.
The kobold is severely wounded.
You feel very sick. The kobold barely misses you. You furiously retaliate!
You headbutt the kobold, but do no damage.
Your ball python zombie bites the kobold but does no damage. x2
Your ball python zombie constricts the kobold.
Your ball python zombie bites the kobold.
The kobold dies!
A black mist starts to gather...
You feel very sick.
Things that are here:
a +0 dagger of venom; 3 stones You feel very sick.
* * * LOW HITPOINT WARNING * * *
You feel sick.
There is a lethal amount of poison in your body!
There is a lethal amount of poison in your body!
There is a lethal amount of poison in your body!
* * * LOW HITPOINT WARNING * * *
You feel sick.
* * * LOW HITPOINT WARNING * * *
You feel sick.
* * * LOW HITPOINT WARNING * * *
You feel sick.
* * * LOW HITPOINT WARNING * * *
You feel sick.
* * * LOW HITPOINT WARNING * * *
You feel sick.
You die...
Your body rises from the dead as a mindless zombie.

#. #.#
#...#(.
#...##.###
+........
#...# ..# #
#...###.##.#
#........#.#
#..........#
#@Z..).#.###
#.ZZ...#.Z#
#ZZZ...##[#
#.Z....##Z##
#########Z.#
##.## #..# #
########.# #
#........##
#


You could see 5 friendly ball python zombies, a friendly hobgoblin zombie and a
friendly kobold zombie.

Vanquished Creatures
  An endoplasm (D:1)
  2 hobgoblins (D:1)
  A kobold (D:1)
  A quokka (D:1)
  3 ball pythons (D:1)
8 creatures vanquished.

Vanquished Creatures (collateral kills)
  A kobold (D:1)
  A rat (D:1)
2 creatures vanquished.

Vanquished Creatures (others)
  4 toadstools (D:1)
4 creatures vanquished.

Grand Total: 14 creatures vanquished

Notes
Turn   | Place    | Note
-------+----------+-------------------------------------------
     0 | D:1      | GigaChad the Minotaur Fighter began the quest for the Orb.
     0 | D:1      | Reached XP level 1. HP: 19/19 MP: 0/0
   156 | D:1      | Found a faded altar of an unknown god.
   170 | D:1      | Prayed at the altar of an unknown god.
   170 | D:1      | Became a worshipper of Yredelemnul the Dark
   170 | D:1      | Reached * piety under Yredelemnul
   269 | D:1      | Reached XP level 2. HP: 27/27 MP: 1/1
   304 | D:1      | HP: 1/27 [poisoned by a kobold]
   305 | D:1      | Succumbed to a kobold's poison

Illustrated notes

Levels and vault maps discovered:
D:1:      ldierk_walled_garden_2, layout_basic, serial_glass, glass_columns_a,
          glass_columns_a, basic_ecumenical_altar

Action                   || total
-------------------------++-------
Melee: Long sword        ||    13
       Headbutt          ||     3
Armor: Scale mail        ||    14
Dodge: Dodged            ||     6
Block: Buckler           ||     2
